 Dungeon Crawl Stone Soup version 0.31-a0-700-gf13585253f (webtiles) character file.

Game seed: 1064753049420848250

224 qw the Shooter (level 6, -2/37 HPs)
             Began as a Gargoyle Hunter on Sept 7, 2023.
             Slain by an orc
             ... wielding a +0 flail
              (6 damage)
             ... on level 4 of the Dungeon.
             The game lasted 00:00:49 (2167 turns).

qw the Shooter (Gargoyle Hunter)                    Turns: 2167, Time: 00:00:51

Health: -2/37      AC: 11    Str: 14    XL:     6   Next: 0%
Magic:  6/6        EV: 11    Int: 10    God:
Gold:   117        SH:  0    Dex: 15    Spells: 5/5 levels left

rFire   . . .        Y - +0 shortbow
rCold   + . .        (shield currently unavailable)
rNeg    + . .        a - +0 ring mail
rPois   inf          (no helmet)
rElec   +            (no cloak)
rCorr   .            (no gloves)
SInv    .            i - +0 pair of boots
Will    +....        (no amulet)
Stlth   +            h - ring of willpower
HPRegen 0.26/turn    f - ring of protection from cold
MPRegen 0.10/turn

%: no passive effects
@: no status effects
A: sickness immunity, AC +4, negative energy resistance 1, electricity
resistance, torment resistance 1, petrification resistance
a: no special abilities


You were on level 4 of the Dungeon.
You visited 1 branch of the dungeon, and saw 4 of its levels.

You collected 117 gold pieces.


Innate Abilities, Weirdness & Mutations

You are immune to sickness and miasma.
Your stone body is resilient. (AC +4)
You are immune to poison.
You resist negative energy. (rN+)
You are resistant to electric shocks. (rElec)
You are resistant to unholy torment.
You are immune to petrification.


   Skills:
 - Level 3.0 Fighting
 + Level 5.5 Ranged Weapons
 - Level 3.9 Armour
 - Level 1.5 Dodging
 - Level 1.1 Stealth


You had 5 spell levels left.
You didn't know any spells.
Your spell library was empty.

Inventory:

Hand Weapons
 Y - a +0 shortbow (weapon)
Armour
 a - a +0 ring mail (worn)
 i - a +0 pair of boots (worn)
Jewellery
 f - a ring of protection from cold (right hand)
 h - a ring of willpower (left hand)
Scrolls
 c - a scroll of identify
Potions
 b - a potion of might {unknown}
 d - a potion of haste
 e - a potion of brilliance {unknown}
 k - a potion of enlightenment

Dungeon Overview and Level Annotations

Branches:
Dungeon (4/15)
 Temple: D:4-7

Altars:
Sif Muna
Trog

Shops:
D:1 =   D:3 (

Annotations:
D:3 1 runed translucent door, qw's ghost, amateur MiHs


Message History

The orc closely misses you. The orc wizard barely misses you.
The orc closely misses you.
You hear some strange, mumbled words.
A puff of flame appears from out of thin air!
The puff of flame misses you.
You shoot an arrow. The ball python hisses angrily.
The arrow hits the orc wizard!
The orc wizard is almost dead.
The orc closely misses you. The orc wizard closely misses you.
Something hits you but does no damage. The orc hits you but does no damage.
You shoot an arrow. The arrow hits the orc wizard.
You kill the orc wizard!
The orc hits you with a +0 war axe.
You hear some strange, mumbled words.
A magic dart appears from out of thin air!
The magic dart hits you. The orc hits you with a +0 flail.
You shoot an arrow. The arrow hits the orc.
The orc is severely wounded.
The orc hits you but does no damage. Something hits you.
The orc hits you with a +0 flail.
You shoot an arrow. The arrow closely misses the orc.
The orc barely misses you. Something hits you but does no damage.
The orc barely misses you. Something hits you but does no damage.
The orc barely misses you. The orc hits you but does no damage.
You shoot an arrow. The arrow hits the orc!
You kill the orc!
The ball python misses you. The ball python grabs you.
The ball python constricts you. Something hits you but does no damage.
The orc hits you but does no damage.
You have reached level 6!
You shoot an arrow. The arrow hits the ball python.
You kill the ball python!
Something hits you but does no damage. The orc hits you with a +0 flail.
You shoot an arrow. The arrow closely misses the orc.
Something hits you. The orc barely misses you.
You shoot an arrow. The arrow hits the orc.
The orc is severely wounded.
Something hits you but does no damage. The orc hits you with a +0 flail.
You die...

#..#.#....o.
##..#.#......
....#.#......
#.........). #.#.......#
......[..##########
###.##...............#
#.....)o{............###
#.#.###@)..#.#####..<...
###'##.# #.#.### #.##.#
#.#.... #.##.# #.#.##.
#.#..# #.#.##. #.#.##
#.#.##. #.#. #.#.##.
#.#. #.#.##. ..# #.#.##.


You could see an orc.

Vanquished Creatures
  A water moccasin (D:3)
  An orc wizard (D:4)
  A gnoll (D:3)
  An adder (D:2)
  A white imp (D:3)
  2 worms (D:2)
  2 orcs (D:4)
  6 bats
  2 endoplasms (D:1)
  A giant cockroach (D:2)
  4 goblins
  3 hobgoblins
  6 jackals
  3 quokkas
  7 ball pythons
  2 frilled lizards
  9 kobolds
  2 rats
54 creatures vanquished.

Notes
Turn   | Place    | Note
-------+----------+-------------------------------------------
     0 | D:1      | qw the Gargoyle Hunter began the quest for the Orb.
     0 | D:1      | Reached XP level 1. HP: 12/12 MP: 1/1
     0 | D:1      | 0 ||| qw: Version: 0.3-a-76-g4403597
     0 | D:1      | 0 ||| qw: Game counter: 738
     0 | D:1      | 0 ||| qw: Melee chars always use a shield: true
     0 | D:1      | 0 ||| qw: God list: Okawaru
     0 | D:1      | 0 ||| qw: Allow faded altars: false
     0 | D:1      | 0 ||| qw: Do Orc after clearing Dungeon:15 true
     0 | D:1      | 0 ||| qw: Do second Lair branch before Depths: true
     0 | D:1      | 0 ||| qw: Lair rune preference: random
     0 | D:1      | 0 ||| qw: Goals: Normal
     0 | D:1      | 0 ||| PLANNING D:1-11
   139 | D:1      | Reached XP level 2. HP: 17/17 MP: 2/2
   151 | D:1      | Found Lamihuh's Jewellery Emporium.
   154 | D:1      | 154 ||| SHOPLISTING +4 ring of protection (468 gold, have
                  | 0).
   154 | D:1      | 154 ||| SHOPLISTING amulet of faith (520 gold, have 0).
   154 | D:1      | 154 ||| SHOPLISTING ring of protection from cold (325 gold,
                  | have 0).
   154 | D:1      | 154 ||| SHOPLISTING ring of willpower (325 gold, have 0).
   417 | D:1      | Reached XP level 3. HP: 21/21 MP: 3/3
   542 | D:1      | 542 ||| UPGRADING to ring of willpower.
   543 | D:1      | 543 ||| READING scroll labelled UDULOIMIDD.
   547 | D:1      | 547 ||| READING scroll labelled ZIUCLU NYL.
   548 | D:1      | 548 ||| READING scroll labelled PUEMMU REQA.
   549 | D:1      | 549 ||| READING scroll labelled ZEACOUCAPH.
   550 | D:1      | 550 ||| DRINKING 2 fizzy black potions.
   551 | D:1      | 551 ||| DROPPING scroll of butterflies.
   597 | D:2      | Reached skill level 5 in Ranged Weapons
   943 | D:2      | Reached skill level 3 in Fighting
  1251 | D:2      | 1251 ||| UPGRADING to +0 ring mail.
  1261 | D:2      | 1261 ||| DROPPING +0 leather armour.
  1262 | D:2      | 1262 ||| UPGRADING to +0 pair of boots.
  1267 | D:2      | 1267 ||| UPGRADING to ring of protection from cold.
  1268 | D:2      | 1268 ||| READING scroll labelled HEYSMO NAMOWK.
  1269 | D:2      | 1269 ||| READING scroll labelled ESUZIA OMOI.
  1388 | D:3      | Found Azyt Lua's Antique Weapon Boutique.
  1494 | D:3      | Noticed a water moccasin
  1506 | D:3      | Killed a water moccasin
  1507 | D:3      | Reached skill level 3 in Armour
  1507 | D:3      | Reached XP level 4. HP: 14/28 MP: 4/4
  1507 | D:3      | Reached XP level 5. HP: 16/32 MP: 5/5
  1575 | D:3      | Found a runed translucent door.
  1575 | D:3      | Noticed qw's ghost (amateur MiHs)
  1772 | D:3      | Found a bloodstained altar of Trog.
  1789 | D:3      | Found a shimmering blue altar of Sif Muna.
  2084 | D:3      | 2084 ||| READING scroll labelled ZARULA UCAING.
  2085 | D:3      | 2085 ||| DRINKING 2 golden potions.
  2086 | D:3      | 2086 ||| DRINKING 2 blue potions.
  2143 | D:4      | 2143 ||| Stepping ~*~*~tactically~*~*~ (outnumbered).
  2156 | D:4      | HP: 8/32 [something (2)]
  2157 | D:4      | 2157 ||| DRINKING potion of heal wounds.
  2162 | D:4      | HP: 8/32 [something (2)]
  2165 | D:4      | Reached XP level 6. HP: 6/37 MP: 6/6
  2167 | D:4      | Slain by an orc

Levels and vault maps discovered:
D:1:      kennysheep_arrival_seaside, layout_basic, serial_shops,
          nicolae_shop_gaudy_bauble
D:2:      layout_loops_ring, grunt_ministairs_3, serial_park_tiny_pond,
          minmay_misc_feat_room
D:3:      layout_loops_ring, nzn_overflow_gifts_of_might_and_magic,
          serial_shops, shop, ebering_ghost_inner_flame
D:4:      layout_basic, uniq_eustachio

Skill      XL: |  1  2  3 |
---------------+----------+-----
Ranged Weapons | 5 |  5.5
Fighting       | 3 |  3.0
Armour         | 3 |  3.9
Dodging        | |  1.5
Stealth        | |  1.1

Action                     |  1- 3 |  4- 6 || total
---------------------------+-------+-------++-------
   Fire: Shortbow          |   125 |    59 ||   184
    Use: Scroll            |     6 |     1 ||     7
         Potion            |     1 |     3 ||     4
 Armour: Leather armour    |    22 |       ||    22
         Ring mail         |    13 |    66 ||    79
  Dodge: Dodged            |    29 |    57 ||    86

Table legend:
 A = Non-vault XP
 B = Vault XP
 C = Vault XP percentage of total XP
 D = Non-vault monster count
 E = Vault monster count
 F = Vault count percentage of total count
                 A         B        C        D         E       F
            +---------+---------+-------+---------+---------+-------
      Total |     293 |      27 |   8.4 |      50 |       4 |   7.4
            +---------+---------+-------+---------+---------+-------
        D:1 |      34 |       0 |   0.0 |      20 |       0 |   0.0
        D:2 |      36 |       2 |   5.3 |      12 |       2 |  14.3
        D:3 |     180 |      25 |  12.2 |      13 |       2 |  13.3
        D:4 |      43 |       0 |   0.0 |       5 |       0 |   0.0
            +---------+---------+-------+---------+---------+-------
